 Dungeon Crawl Stone Soup version 0.30-a0-916-g9813417 (webtiles) character file.

Game seed: 7773102300197230949

7 Meow the Sneak (level 2, 22/22 HPs)
             Began as a Naga Conjurer on Apr 5, 2023.
             Quit the game on level 1 of the Dungeon.
             The game lasted 00:02:41 (415 turns).

Meow the Sneak (Naga Conjurer)                       Turns: 415, Time: 00:02:42

Health: 22/22      AC:  1    Str:  9    XL:     2   Next: 0%
Magic:  5/5        EV:  9    Int: 18    God:
Gold:   23         SH:  0    Dex:  9    Spells: 4/5 levels left

rFire   . . .      SeeInvis +    (no weapon)
rCold   . . .      Faith    .    (no shield)
rNeg    . . .      Spirit   .    a - +0 robe
rPois   +          Reflect  .    (no helmet)
rElec   .          Rampage  .    (no cloak)
rCorr   .                        (no gloves)
Will    .....                    (no barding)
Stlth   ++                       (no amulet)
HPRegen 0.23/turn                (no ring)
MPRegen 0.09/turn                (no ring)

@: very slow
A: AC +0, large, see invisible, deformed body, poison resistance, slowness 2,
spit poison 1, naga tail 1
a: Spit Poison


You were on level 1 of the Dungeon.
You visited 1 branch of the dungeon, and saw 1 of its levels.

You collected 23 gold pieces.

Inventory:

Armour
 a - a +0 robe (worn)
Potions
 b - a potion of magic
 c - a potion of curing {unknown}
 d - a potion of brilliance {unknown}
 e - a potion of heal wounds {unknown}


   Skills:
 - Level 1.5 Dodging
 + Level 4.1 Stealth
 - Level 2.0 Spellcasting
 - Level 4.0 Conjurations


You had 4 spell levels left.
You knew the following spells:

 Your Spells              Type           Power      Damage    Failure   Level
a - Magic Dart            Conj           64%        1d6       3%          1

Your spell library contained the following spells:

 Spells                   Type           Power      Damage    Failure   Level
 Searing Ray              Conj           32%        2d5       5%          2
 Dazzling Flash           Conj/Hex       18%        N/A       24%         3
 Fulminant Prism          Conj/Hex       4%         3d5       61%         4
 Iskenderun's Mystic Bla  Conj/Tloc      9%         2d4       61%         4


Dungeon Overview and Level Annotations

Branches:
Dungeon (1/15)

Altars:


Innate Abilities, Weirdness & Mutations

Your serpentine skin is tough. (AC +0)
You have supernaturally acute eyesight. (SInv)
Armour fits poorly on your strangely shaped body.
Your system is resistant to poisons. (rPois)
You cover ground very slowly.
You can spit poison.
You have a snake-like lower body.


Message History

The quokka is heavily wounded.
Unknown command.
Casting: Magic Dart (safe; 3% risk of failure)
Confirm with . or Enter, or press ? or * to list all spells.
Aiming: Magic Dart (safe; 3% risk of failure)
Press: ? - help, Shift-Dir - straight line, f/p - quokka
Aim: a quokka (severely wounded, poisoned, 100% to hit)
The magic dart hits the quokka.
The quokka is almost dead.
Unknown command.
Casting: Magic Dart (safe; 3% risk of failure)
Confirm with . or Enter, or press ? or * to list all spells.
Aiming: Magic Dart (safe; 3% risk of failure)
Press: ? - help, Shift-Dir - straight line, f/p - quokka
Aim: a quokka (severely wounded, poisoned, 100% to hit)
The magic dart hits the quokka.
You kill the quokka!
Your Stealth skill increases to level 4!
Unknown command.
You start resting.
You have got your breath back.
You start resting.
Magic restored.
Found a stone staircase leading down.
e - a grey potion A rat comes into view.
Aiming: Spit Poison (3% risk of failure)
Press: ? - help, Shift-Dir - straight line, f - rat
Aim: a rat (asleep, 100% to hit)
The splash of poison hits the rat.
The rat is poisoned.
You kill the rat!
You have reached level 2!
Unknown command.
Unknown command.
You see here a rat corpse.
You have got your breath back.
Key pressed, stopping explore.
Okay, then.
Unknown command.
Are you sure you want to abandon this character and quit the game? (Confirm with "yes".)

### ##.### ..# #....
#.# #..#
####.####..######.
#....#............
#.#.........#....
#.##....#.#......#
#.......#.##...#.##..
#####.###.##.@.......
#####.###.###..####.#
#.# #..†.#.##.# #..#
#.# #.###.###.. ...#
#.# ##.##### ### ....
#.# #.....# .....#
###.# #..#>.# ......
##.#.# #.....####
........####....####
##........+
+...........


There were no monsters in sight!

Vanquished Creatures
  2 hobgoblins (D:1)
  A quokka (D:1)
  A bat (D:1)
  3 rats (D:1)
7 creatures vanquished.

Notes
Turn   | Place    | Note
-------+----------+-------------------------------------------
     0 | D:1      | Meow the Naga Conjurer began the quest for the Orb.
     0 | D:1      | Reached XP level 1. HP: 15/15 MP: 3/3
   396 | D:1      | Reached XP level 2. HP: 22/22 MP: 5/5
   415 | D:1      | Quit the game

Illustrated notes

Levels and vault maps discovered:
D:1:      lemuel_arrival_funnel, layout_loops_corners, serial_shops,
          nicolae_shop_trees, minmay_crystal_water,
          minmay_misc_feat_more_columns

Skill      XL: |  1 |
---------------+----+-----
Stealth        | 4 |  4.1
Dodging        | |  1.5
Spellcasting   | |  2.0
Conjurations   | |  4.0

Action                     || total
---------------------------++-------
   Cast: Magic Dart        ||     7
Ability: Spit Poison       ||     6

Table legend: (Time is in decaauts)
 A = Elapsed time spent in this place.
 B = Non-inter-level travel time spent in this place.
 C = Inter-level travel time spent in this place.
 D = Time resting spent in this place.
 E = Time spent auto-exploring this place.
 F = Levels seen in this place.
 G = Mean time per level.
                   A        B        C        D        E       F      G
               +--------+--------+--------+--------+--------+-----+--------+
         Total |    537 |    537 |      0 |     88 |    421 |   1 |  537.0 |
       Dungeon |    537 |    537 |      0 |     88 |    421 |   1 |  537.0 |
               +--------+--------+--------+--------+--------+-----+--------+

Top non-repeatable levels by time:
     D:1: 537 daAuts
